AoeStats
← SprayinNPrayin

Arena

509395738Analyzed
2v2 RM · 7d ago on Sep 26, 2026· 32m 18s· 4 players
Game mode
Random Map
Map size
Medium (4 player)
Population
200
Speed
Normal
Resources
Standard
Victory
Conquest
Starting age
Dark Age
Ending age
Imperial Age
RankedLock teamsTeams togetherTeam positionsShared explorationLock speedFull tech treeHidden civsTurbo modeCheats
Victory
Defeat
🇲🇾 Koreans · Malaysia
1096
+15
🇮🇱 Britons · Israel
1041
+18
🇺🇸 Cumans · United States
1080
-17
🇺🇸 Armenians · United States
1073
-16
brinepirate
12:04 Feudal Age
12:28 Man-at-Arms
13:25 Arson
13:55 Double-Bit Axe
13:35 Long Swordsman
15:15 Loom
16:34 Forging
18:27 Wheelbarrow
18:13 Scale Mail Armor
27:02 Castle Age
27:22 Two-Handed Swordsman
28:07 Squires
28:17 Gambesons
28:51 Chain Mail Armor
29:12 Iron Casting
SprayinNPrayin
11:55 Feudal Age
10:11 Loom
15:39 Castle Age
15:28 Double-Bit Axe
18:10 Fletching
Bazinga_Man
10:34 Feudal Age
14:22 Castle Age
26:33 Fletching
26:44 Padded Archer Armor
32:44 Ballistics
说中文
1:02 Loom
12:25 Feudal Age
16:57 Castle Age
16:08 Double-Bit Axe
18:15 Town Watch
Connection lost

Rejoining the realm…

Still unreachable

The connection could not be restored.

Session expired

The server has moved on; the page needs a fresh start.